AoeStats
← alexmavrovic

Arena

508543931Analyzed
2v2 RM · 11d ago on Sep 23, 2026· 20m 30s· 4 players
Game mode
Random Map
Map size
Medium (4 player)
Population
200
Speed
Normal
Resources
Standard
Victory
Conquest
Starting age
Dark Age
Ending age
Imperial Age
RankedLock teamsTeams togetherTeam positionsShared explorationLock speedFull tech treeHidden civsTurbo modeCheats
Victory
Defeat
🇨🇦 Celts · Canada
1140
+12
🇦🇷 Bohemians · Argentina
1067
+14
🇧🇷 Sicilians · Brazil
1116
-16
🇧🇷 Persians · Brazil
957
-32
alexmavrovic
9:54 Feudal Age
10:31 Loom
14:25 Castle Age
diegolinsc
0:34 Loom
11:47 Feudal Age
12:35 Double-Bit Axe
19:17 Fletching
19:28 Padded Archer Armor
TmZ_Prodigio
4:35 Loom
TmZ_Gemaquin
12:20 Feudal Age
13:27 Double-Bit Axe
17:13 Wheelbarrow
19:44 Bloodlines
21:47 Castle Age
Connection lost

Rejoining the realm…

Still unreachable

The connection could not be restored.

Session expired

The server has moved on; the page needs a fresh start.